 Dungeon Crawl Stone Soup version 0.25-a0-185-g6cfeca7 (webtiles) character file.

Game seed: 15579787759647064130, levelgen mode: deterministic

23466 Atlas the Geomancer (level 12, -7/95 HPs)
             Began as a Grey Draconian Earth Elementalist on Nov 28, 2019.
             Was an Elder of Sif Muna.
             Mangled by an ice beast (12 damage)
             ... on level 13 of the Dungeon on Nov 29, 2019.
             The game lasted 00:36:12 (13367 turns).

Atlas the Geomancer (DrEE)                         Turns: 13367, Time: 00:36:13

Health: -7/95      AC: 13    Str: 11    XL:     12   Next: 72%
Magic:  24/27      EV: 15    Int: 20    God:    Sif Muna [****..]
Gold:   682        SH:  7    Dex: 12    Spells: 22/33 levels left

rFire    . . .     SeeInvis .   n - +0 whip (elec)
rCold    . . .     Gourm    .   y - +2 buckler
rNeg     . . .     Faith    .   (armour unavailable)
rPois    .         Spirit   .   (helmet restricted)
rElec    .         Reflect  .   (no cloak)
rCorr    .         Harm     .   (no gloves)
MR       .....                  (no boots)
Stlth    +.........             x - amulet of the acrobat
HPRegen  0.25/turn              J - ring of attention (curse)
MPRegen  0.20/turn              p - ring of flight

@: slowed, very slow
A: walk through water, unfitting armour, unbreathing, cold-blooded, AC +13
a: Channel Magic, Forget Spell, Divine Exegesis, Renounce Religion, Evoke Flight


You were on level 13 of the Dungeon.
You worshipped Sif Muna.
Sif Muna was greatly pleased with you.
You were hungry.

You visited 2 branches of the dungeon, and saw 14 of its levels.

You collected 682 gold pieces.

Inventory:

Hand Weapons
 n - a +0 whip of electrocution (weapon)
Missiles
 b - 243 stones (quivered)
Armour
 y - a +2 buckler (worn)
Jewellery
 e - an uncursed ring of fire
 l - an uncursed amulet of regeneration
 p - a ring of flight (right hand)
 x - an amulet of the acrobat (around neck)
 J - a cursed ring of attention (left hand)
Wands
 t - a wand of digging (10)
 v - a wand of paralysis (6)
 w - a wand of acid (12)
 B - a wand of disintegration (15)
 E - a wand of clouds (7)
 F - a wand of polymorph (9)
Scrolls
 f - 3 scrolls of noise {unknown}
 g - 9 scrolls of remove curse {unknown}
 h - 4 scrolls of enchant armour {unknown}
 i - 9 scrolls of identify {unknown}
 j - 2 scrolls of fear {unknown}
 k - 5 scrolls of blinking {unknown}
 m - 2 scrolls of random uselessness {unknown}
 r - 4 scrolls of teleportation {unknown}
 s - 3 scrolls of fog {unknown}
 u - a scroll of vulnerability {unknown}
 G - a scroll of enchant weapon {unknown}
Potions
 a - a potion of heal wounds {unknown}
 d - 6 potions of curing {unknown}
 o - 3 potions of might {unknown}
 q - 2 potions of berserk rage {unknown}
 z - 3 potions of degeneration {unknown}
 A - a potion of invisibility
 C - 5 potions of mutation {unknown}
 D - a potion of lignification {unknown}
 H - a potion of brilliance {unknown}
 I - a potion of resistance {unknown}
 L - a potion of ambrosia
 M - a potion of haste {unknown}
Miscellaneous
 K - a lightning rod (4/4)
Comestibles
 c - 13 rations


   Skills:
 + Level 5.7 Fighting
 + Level 8.5 Maces & Flails
 + Level 7.1 Dodging
 - Level 4.0 Stealth
 - Level 4.1 Shields
 + Level 0.3 Unarmed Combat
 + Level 11.4 Spellcasting
 + Level 2.4 Conjurations
 + Level 1.0 Transmutations
 + Level 13.2 Earth Magic


You had 22 spell levels left.
You knew the following spells:

 Your Spells              Type           Power        Failure   Level  Hunger
a - Sandblast             Erth           ######       1%          1    None
b - Passwall              Tmut/Erth      #####...     1%          2    None
c - Stone Arrow           Conj/Erth      #####.       1%          3    None
d - Lee's Rapid Deconstr  Erth           ######....   1%          5    ####...

Your spell library contained the following spells:

 Spells                   Type           Power        Failure   Level  Hunger
 Petrify                  Tmut/Erth      #####...     3%          4    ##.....
 Beastly Appendage        Tmut           ###...       4%          1    None
 Corona                   Hex            ##.....      6%          1    None
 Infusion                 Chrm           ##..         6%          1    None
 Sticks to Snakes         Tmut           ###.....     6%          2    None
 Ensorcelled Hibernation  Hex/Ice        ##....       9%          2    None
 Shroud of Golubria       Chrm/Tloc      ##....       9%          2    None
 Song of Slaying          Chrm           ##......     9%          2    None
 Dazzling Spray           Conj/Hex       ###...       11%         3    None
 Spider Form              Tmut/Pois      ##........   14%         3    None
 Confuse                  Hex            ##......     19%         3    None
 Regeneration             Chrm/Necr      ##........   19%         3    None
 Spectral Weapon          Hex/Chrm       ##......     19%         3    None
 Tukima's Dance           Hex            ##......     19%         3    None
 Ice Form                 Ice/Tmut       ##......     43%         4    ##.....
 Blade Hands              Tmut           ###.......   73%         5    ####...


Dungeon Overview and Level Annotations

Branches:
Dungeon (13/15)            Temple (1/1) D:7            Lair (0/6) D:8
    Orc (0/2) D:9
 Vaults: D:13-14

Altars:
Cheibriados
Dithmenos
Elyvilon
Fedhas
Gozag
Hepliaklqana
Kikubaaqudgha
Makhleb
Nemelex Xobeh
Okawaru
Ru
Sif Muna
Trog
Uskayaw
Wu Jian
Xom
Yredelemnul
Zin
The Shining One

Shops:
D:5 (   D:9 (   D:10 *   D:11 =

Portals:
Ice
Cave: D:13

Annotations:
D:3 1 runed translucent door, Dittersdorf's ghost, amateur MfFi


Innate Abilities, Weirdness & Mutations

You can walk through water.
Your dull iron-grey scales are very hard. (AC +13)
You cannot fit into any form of body armour.
You can survive without breathing.
You are cold-blooded and may be slowed by cold attacks.


Message History

You feel yourself speed up. The ice beast closely misses you.
You block the ice beast's attack.
The ice beast hits you but does no damage.
The ice beast closely misses you.
Casting: Sandblast (safe; 1% risk of failure)
Confirm with . or Enter, or press ? or * to list all spells.
Aiming: Sandblast (safe; 1% risk of failure)
Press: ? - help, Shift-Dir - straight line, f - ice beast
Aim: an ice beast (severely wounded)
The blast of sand hits the ice beast!
The ice beast is almost dead.
b - 243 stones The ice beast hits you.
* * * LOW HITPOINT WARNING * * *
The ice beast freezes you!
You feel yourself slow down.
* * * LOW HITPOINT WARNING * * *
The ice beast hits you.
* * * LOW HITPOINT WARNING * * *
The ice beast freezes you!
You die...

############## .......
#...........!. ..∩....
#...<.....# .......
#.........# .......
#.........# .......
#............ .......
#.............
......Y####.............
.......@......####.#####
......YY......# .#
####..........# .#
#..#####...# #.. #...#
#.. #...# #. #...# #.
#...# ....#


You could see 3 ice beasts.

Vanquished Creatures
  Gastronok (D:9)
  Harold (D:9)
  Erica (D:9)
  A two-headed ogre (D:10)
  5 skeletal warriors
  3 unseen horrors
  An ugly thing (D:10)
  3 cyclopes
  Maurice (D:8)
  Psyche (D:7)
  2 gargoyles
  Grinder (D:3)
  2 hornets
  A hippogriff (D:12)
  2 wraiths
  Sigmund (D:4)
  11 yaks
  Grum (D:9)
  2 hungry ghosts
  Menkaure (D:5)
  A water moccasin (D:5)
  Duvessa (D:7)
  4 orc warriors
  10 ice beasts
  6 sky beasts
  2 black bears
  2 phantoms (D:4)
  10 ogres
  4 wolves (D:9)
  14 centaurs
  3 crocodiles
  A big kobold (D:12)
  A gnoll sergeant (D:8)
  10 bullfrogs
  Dowan (D:7)
  A wyvern skeleton (D:7)
  A water moccasin zombie (D:9)
  4 scorpions
  10 killer bees
  4 wights (D:12)
  3 howler monkeys
  3 centaur zombies
  A bullfrog zombie (D:10)
  5 crimson imps
  4 jellies
  A quasit (D:9)
  5 centaur skeletons
  6 hounds
  5 orc priests
  Ijyb (D:4)
  3 bullfrog skeletons
  3 iguanas
  11 orc wizards
  10 worker ants
  A hound zombie (D:7)
  3 hound skeletons
  4 worker ant zombies
  A howler monkey skeleton (D:8)
  10 gnolls
  12 adders
  6 shadow imps
  An adder skeleton (D:8)
  2 worms
  4 dart slugs
  11 leopard geckos
  32 orcs
  A ball python (D:2)
  4 giant cockroaches
  6 goblins
  6 hobgoblins
  15 jackals
  6 quokkas
  4 bats
  6 frilled lizards
  A giant cockroach zombie (D:5)
  18 kobolds
  2 leopard gecko skeletons
  3 rats
352 creatures vanquished.

Vanquished Creatures (others)
  A troll (D:11)
1 creature vanquished.

Grand Total: 353 creatures vanquished

Notes
Turn   | Place    | Note
-------+----------+-------------------------------------------
     0 | D:1      | Atlas the Draconian Earth Elementalist began the quest for
                  | the Orb.
     0 | D:1      | Reached XP level 1. HP: 14/14 MP: 3/3
   377 | D:1      | Reached XP level 2. HP: 20/20 MP: 0/5
  1331 | D:1      | Reached XP level 3. HP: 26/26 MP: 3/6
  1387 | D:1      | Learned a level 2 spell: Passwall
  1391 | D:1      | Learned a level 3 spell: Stone Arrow
  1620 | D:2      | Found a shimmering altar of Xom.
  1693 | D:2      | Reached XP level 4. HP: 34/34 MP: 4/8
  1852 | D:2      | Reached skill level 4 in Earth Magic
  1907 | D:2      | Found a snail-covered altar of Cheibriados.
  2077 | D:3      | Found an opulent altar of Gozag.
  2214 | D:3      | Found a runed translucent door.
  2218 | D:3      | Noticed Dittersdorf's ghost (amateur MfFi)
  2331 | D:3      | Noticed Grinder
  2353 | D:3      | Killed Grinder
  2353 | D:3      | Reached skill level 1 in Maces & Flails
  2353 | D:3      | Reached XP level 5. HP: 3/39 MP: 0/10
  2353 | D:3      | Reached XP level 6. HP: 4/46 MP: 0/11
  2662 | D:4      | Reached skill level 1 in Fighting
  2669 | D:4      | Learned a level 5 spell: Lee's Rapid Deconstruction
  2790 | D:4      | Your scales start taking on a dull iron-grey colour.
  2790 | D:4      | Reached skill level 6 in Earth Magic
  2790 | D:4      | Reached XP level 7. HP: 52/52 MP: 9/13
  2790 | D:4      | Gained mutation: You can survive without breathing. [Grey
                  | Draconian growth]
  2801 | D:4      | Found an iron altar of Okawaru.
  3169 | D:4      | Noticed Sigmund
  3175 | D:4      | Killed Sigmund
  3359 | D:4      | Noticed Ijyb
  3370 | D:4      | Killed Ijyb
  3590 | D:5      | Entered Level 5 of the Dungeon
  3611 | D:5      | Reached XP level 8. HP: 59/59 MP: 11/15
  3665 | D:5      | Found a blossoming altar of Fedhas.
  3804 | D:5      | Found Gekoanul's Weapon Emporium.
  3828 | D:5      | Found a bloodstained altar of Trog.
  3829 | D:5      | Found a sparkling altar of Nemelex Xobeh.
  3829 | D:5      | Found a shadowy altar of Dithmenos.
  3830 | D:5      | Found a hazy altar of Hepliaklqana.
  3879 | D:5      | Noticed Menkaure
  3882 | D:5      | Reached skill level 5 in Spellcasting
  3885 | D:5      | Killed Menkaure
  3929 | D:5      | Reached skill level 7 in Earth Magic
  4366 | D:6      | Found an ancient bone altar of Kikubaaqudgha.
  4431 | D:6      | Found a burning altar of Makhleb.
  4633 | D:6      | Reached skill level 5 in Maces & Flails
  4633 | D:6      | Reached XP level 9. HP: 20/68 MP: 2/18
  4648 | D:6      | Reached skill level 1 in Shields
  4648 | D:6      | Reached skill level 8 in Earth Magic
  5006 | D:6      | Found a glowing silver altar of Zin.
  5526 | D:7      | Found a staircase to the Ecumenical Temple.
  5533 | D:7      | Reached skill level 9 in Earth Magic
  5560 | Temple   | Entered the Ecumenical Temple
  5599 | Temple   | Became a worshipper of Sif Muna the Loreminder
  5828 | D:7      | Noticed Duvessa
  5828 | D:7      | Noticed Dowan
  5831 | D:7      | Killed Duvessa
  5834 | D:7      | Killed Dowan
  6224 | D:8      | Noticed Psyche
  6276 | D:7      | Killed Psyche
  6276 | D:7      | Reached XP level 10. HP: 28/77 MP: 9/21
  6556 | D:8      | Reached skill level 1 in Conjurations
  6807 | D:8      | Found a staircase to the Lair.
  6829 | D:8      | Reached * piety under Sif Muna
  6980 | D:8      | Noticed Maurice
  6984 | D:8      | Killed Maurice
  6984 | D:8      | Reached skill level 5 in Dodging
  7358 | D:9      | Noticed Harold
  7377 | D:8      | Paralysed by a hornet for 2 turns
  7779 | D:9      | Killed Harold
  7779 | D:9      | Reached skill level 10 in Earth Magic
  7870 | D:9      | Noticed Erica
  7879 | D:9      | Killed Erica
  7895 | D:8      | Reached XP level 11. HP: 30/84 MP: 8/23
  8137 | D:9      | Reached ** piety under Sif Muna
  8200 | D:9      | Noticed Gastronok
  8275 | D:9      | Killed Gastronok
  8275 | D:9      | Reached skill level 11 in Earth Magic
  8384 | D:9      | Found Enloux's Antique Weapon Boutique.
  8468 | D:9      | Noticed Grum
  8476 | D:9      | Killed Grum
  9063 | D:9      | Found a staircase to the Orcish Mines.
  9276 | D:10     | Entered Level 10 of the Dungeon
  9276 | D:10     | Noticed a two-headed ogre
  9389 | D:10     | Killed a two-headed ogre
  9490 | D:10     | Reached *** piety under Sif Muna
  9658 | D:10     | Reached skill level 5 in Fighting
 10095 | D:10     | Found Kelas's General Store.
 10154 | D:11     | Noticed a purple ugly thing
 10175 | D:10     | Killed a purple ugly thing
 10175 | D:10     | Reached skill level 10 in Spellcasting
 10440 | D:11     | Noticed a skeletal warrior
 10500 | D:11     | Found Jimmun's Jewellery Emporium.
 10518 | D:11     | Killed an unseen horror
 10518 | D:11     | Reached skill level 12 in Earth Magic
 10518 | D:11     | Reached XP level 12. HP: 62/94 MP: 17/26
 11505 | D:11     | Reached **** piety under Sif Muna
 12550 | D:12     | Reached skill level 13 in Earth Magic
 13333 | D:13     | Found a frozen archway.
 13367 | D:13     | Mangled by an ice beast

Levels and vault maps discovered:
D:1:      ncdulo_watergridlock, layout_loops_cross
D:2:      layout_loops_ring, lemuel_coloured_pillars_altar,
          kennysheep_slug_shrine
D:3:      layout_rooms, grunt_gozag_statues, ebering_ghost_reflecting_pool,
          minmay_crystal_room, uniq_grinder
D:4:      layout_basic, okawaru_metal_pillars_3, first_ration, uniq_sigmund,
          uniq_ijyb
D:5:      layout_loops_ring, overflow_temple_1_default,
          chequers_temple_overflow_statue_of_worship, serial_shops,
          shop_fountains, uniq_menkaure
D:6:      layout_rooms, kiku_gazebo_pond_becter, zin_scriptorium, bloody_makhleb
D:7:      layout_basic, minmay_temple_entry_mist, uniq_duvessa
D:8:      layout_rooms, lair_entry_dummy, minmay_fractal_squares_5, uniq_psyche,
          uniq_maurice
D:9:      minmay_inner_zag, layout_long_grid, orc_0_dummy, serial_shops,
          nicolae_shop_behind_doors, uniq_grum, uniq_erica, uniq_gastronok,
          uniq_harold
D:10:     layout_roguey, serial_shops, nicolae_shop_waterfront, serial_curves,
          eino_curves_04, eino_curves_03
D:11:     layout_cave_pools, serial_shops, shop
D:12:     layout_basic
D:13:     minmay_bloctagon, layout_small_grid, david_vaults_4,
          portal_ice_cave_entry_ice_beasts
Temple:   minmay_temple_forest_path

Skill      XL: |  1  2  3  4  5  6  7  8  9 10 11 12 |
---------------+-------------------------------------+-----
Dodging        | 2 3 4 5 6 7 |  7.1
Stealth        | 2 3 4 |  4.0
Earth Magic    | 4 6 7 9 10 12 13 | 13.2
Spellcasting   | 3 4 6 7 8 10 11 | 11.4
Maces & Flails | 1 2 3 5 7 8 |  8.5
Fighting       | 1 2 3 4 5 |  5.7
Shields        | 2 3 4 |  4.1
Conjurations   | 1 2 |  2.4
Unarmed Combat | |  0.3
Transmutations | |  1.0

Action                   |  1- 3 |  4- 6 |  7- 9 | 10-12 || total
-------------------------+-------+-------+-------+-------++-------
Melee: Unarmed           |    60 |       |       |       ||    60
       Tailslap          |     5 |     6 |    20 |    80 ||   111
       Whip              |       |   118 |   249 |   675 ||  1042
       Punch             |       |     1 |       |       ||     1
 Cast: Sandblast         |    44 |    28 |    59 |    67 ||   198
       Stone Arrow       |       |       |     6 |    19 ||    25
       Lee's Rapid Decon |       |       |     8 |    61 ||    69
  Use: Potion            |       |     2 |       |       ||     2
 Stab: Sleeping          |     1 |     2 |    10 |     4 ||    17
       Invisible         |       |     3 |       |       ||     3
  Eat: Chunk             |     3 |     4 |    12 |    26 ||    45
       Ration            |       |       |       |     3 ||     3
Armor: Skin              |    14 |    33 |    86 |   188 ||   321
Dodge: Dodged            |    51 |   103 |   117 |   412 ||   683
Block: Buckler           |       |       |    38 |   175 ||   213

Table legend:
 A = Non-vault XP
 B = Vault XP
 C = Vault XP percentage of total XP
 D = Non-vault monster count
 E = Vault monster count
 F = Vault count percentage of total count
                 A         B        C        D         E       F
            +---------+---------+-------+---------+---------+-------
      Total |   25292 |    8231 |  24.6 |     320 |      32 |   9.1
            +---------+---------+-------+---------+---------+-------
        D:1 |      44 |       0 |   0.0 |      24 |       0 |   0.0
        D:2 |      74 |       4 |   5.1 |      13 |       1 |   7.1
        D:3 |      54 |     286 |  84.1 |      23 |       1 |   4.2
        D:4 |     543 |     247 |  31.3 |      19 |       2 |   9.5
        D:5 |     554 |     165 |  22.9 |      16 |       1 |   5.9
        D:6 |    1267 |       0 |   0.0 |      21 |       0 |   0.0
        D:7 |    1765 |     663 |  27.3 |      35 |       3 |   7.9
        D:8 |    1631 |    1058 |  39.3 |      28 |       7 |  20.0
        D:9 |    2382 |    5298 |  69.0 |      29 |      13 |  31.0
       D:10 |    5227 |       0 |   0.0 |      45 |       0 |   0.0
       D:11 |    7605 |       0 |   0.0 |      27 |       0 |   0.0
       D:12 |    4146 |       0 |   0.0 |      40 |       0 |   0.0
       D:13 |       0 |     510 | 100.0 |       0 |       4 | 100.0
            +---------+---------+-------+---------+---------+-------
